 Dungeon Crawl Stone Soup version 0.20.0-14-g326068f (webtiles) character file.

154 Gorglomux the Ducker (level 5, 0/36 HPs)
             Began as a Halfling Monk on June 8, 2017.
             Killed from afar by an orc wizard (4 damage)
             ... with a magic dart
             ... on level 4 of the Dungeon.
             The game lasted 00:11:16 (4458 turns).

Gorglomux the Ducker (Halfling Monk)                Turns: 4458, Time: 00:11:16

Health: 0/36       AC:  6    Str: 12    XL:     5   Next: 63%
Magic:  5/5        EV: 13    Int:  8    God:
Gold:   135        SH:  0    Dex: 18    Spells: 4/4 levels left

rFire    . . .     SeeInvis .   b - +0 hunting sling
rCold    . . .     Gourm    .   (shield restricted)
rNeg     . . .     Faith    .   s - +0 scale mail
rPois    .         Spirit   .   (no helmet)
rElec    .         Reflect  .   (no cloak)
rCorr    .         Harm     .   (no gloves)
MR       .....                  (no boots)
Stlth    +.........             (no amulet)
Regen    0.2/turn               (no ring)
MPRegen  0.1/turn               (no ring)

@: drained
A: mutation resistance 1
a: no special abilities


You were on level 4 of the Dungeon.
You were not hungry.

You visited 1 branch of the dungeon, and saw 4 of its levels.

You collected 135 gold pieces.

Inventory:

Hand Weapons
 a - a +0 short sword
 b - a +0 hunting sling (weapon)
 m - a -1 hunting sling
Missiles
 g - 98 stones
 j - 6 sling bullets (quivered)
Armour
 s - a +0 scale mail (worn)
 v - a +0 robe
Jewellery
 V - a +3 ring of dexterity {unknown}
Scrolls
 n - 2 scrolls of remove curse
 o - a scroll of amnesia {unknown}
 p - a scroll of enchant armour {unknown}
 q - a scroll of fear
 u - a scroll of noise {unknown}
 w - a scroll of blinking {unknown}
 x - a scroll of random uselessness {unknown}
 y - a scroll of teleportation {unknown}
 R - 3 scrolls of identify
 S - a scroll of magic mapping {unknown}
Potions
 l - a potion of cancellation
 r - 2 potions of degeneration
 t - 3 potions of flight
Comestibles
 c - 3 bread rations
 f - 4 fruits
 U - a royal jelly
 W - a chunk of flesh


   Skills:
 + Level 3.5 Fighting
 + Level 4.4 Short Blades
 + Level 1.5(1.4) Slings
 + Level 4.7 Dodging
 - Level 2.8 Stealth


You had 4 spell levels left.
You didn't know any spells.

Dungeon Overview and Level Annotations

Branches:
Dungeon (4/15)
 Temple: D:4-7

Altars:
Makhleb
Ru
Zin

Annotations:
D:2 Crazy Yiuf


Innate Abilities, Weirdness & Mutations

You are small and have problems with some larger weapons.
You are somewhat resistant to further mutation.


Message History

Aim: an orc wizard, wielding a dagger and wearing a robe (almost dead, fast)
You shoot a sling bullet.
The sling bullet hits the orc wizard but does no damage.
The orc wizard is almost dead.
The orc wizard hits you but does no damage. x2
Firing (i - inventory. (,) - cycle):
j - 8 sling bullets (quivered)
Press: ? - help, Shift-Dir - straight line, f/p - orc wizard
Aim: an orc wizard, wielding a dagger and wearing a robe (almost dead, fast)
You shoot a sling bullet.
The sling bullet barely misses the orc wizard.
The orc wizard hits you but does no damage.
Firing (i - inventory. (,) - cycle):
j - 7 sling bullets (quivered)
Press: ? - help, Shift-Dir - straight line, f/p - orc wizard
Aim: an orc wizard, wielding a dagger and wearing a robe (almost dead, fast)
You shoot a sling bullet.
The sling bullet closely misses the orc wizard.
The orc wizard hits you but does no damage.
The orc wizard gestures at you while chanting.
The magic dart hits you!
You die...

##########
#######(.(.....####
#.@((.)..(.........
#######o#####.######.#.##
#.....(.# #.# #......#
#.#####.# #.# #.##.####
#.# #.# #o###.##.o..( #.#
#.# #...........o #.# #.#
##.........### ###.#
#.####.....(.>..... #...#
#.........(..#..###


You could see an orc wizard.

Vanquished Creatures
  An orc wizard (D:4)
  Robin (D:2)
  2 adders
  2 oozes
  2 worms
  3 dart slugs
  A leopard gecko (D:1)
  2 orcs
  3 giant cockroaches
  9 hobgoblins
  4 jackals (D:4)
  A ball python (D:2)
  10 bats
  3 frilled lizards
  16 goblins
  5 kobolds
  8 rats
73 creatures vanquished.

Notes
Turn   | Place    | Note
-------+----------+-------------------------------------------
     0 | D:1      | Gorglomux the Halfling Monk began the quest for the Orb.
     0 | D:1      | Reached XP level 1. HP: 15/15 MP: 1/1
   323 | D:1      | Reached XP level 2. HP: 20/20 MP: 2/2
   781 | D:1      | Reached XP level 3. HP: 25/25 MP: 3/3
   877 | D:1      | Reached skill level 3 in Fighting
  1311 | D:2      | Noticed Robin
  1364 | D:2      | Killed Robin
  1364 | D:2      | Reached XP level 4. HP: 25/31 MP: 4/4
  1965 | D:2      | Found a glowing silver altar of Zin.
  1968 | D:2      | Found a burning altar of Makhleb.
  1977 | D:2      | Noticed an angel
  2004 | D:2      | Noticed a blizzard demon
  2233 | D:3      | Found a sacrificial altar of Ru.
  2241 | D:3      | Reached XP level 5. HP: 36/36 MP: 5/5
  2779 | D:3      | Found a runed door.
  2783 | D:3      | Noticed Crazy Yiuf
  3447 | D:4      | Reached skill level 1 in Slings
  3954 | D:3      | Paralysed by Crazy Yiuf for 2 turns
  3955 | D:3      | HP: 1/36 [Crazy Yiuf/quarterstaff of chaos (6)]
  4458 | D:4      | Killed from afar by an orc wizard

Skill      XL: |  1  2  3  4  5 |
---------------+----------------+-----
Fighting       | 3 |  3.5
Dodging        | 4 |  4.7
Short Blades   | 4 |  4.4
Slings         | 1 |  1.5
Stealth        | |  2.8

Action                   |  1- 3 |  4- 6 || total
-------------------------+-------+-------++-------
Melee: Short sword       |    84 |   171 ||   255
 Fire: Hunting sling     |       |    67 ||    67
Throw: Stone             |       |     2 ||     2
  Use: Potion            |     1 |     2 ||     3
       Scroll            |       |     6 ||     6
 Stab: Sleeping          |     7 |     2 ||     9
       Distracted        |     1 |       ||     1
       Invisible         |       |     1 ||     1
  Eat: Chunk             |     1 |    10 ||    11
Armor: Robe              |     8 |     4 ||    12
       Scale mail        |       |    38 ||    38
Dodge: Dodged            |    68 |   144 ||   212
